cohdb
Replays
Latest Replays
All Replays
Popular Replays
Top Player Replays
Match Explorer
How It Works
Community
CoH3 Stats
Reddit
Sign in to upload your games and track your stats! →
Sign in with Steam
Match 43768189
Unlisted
Match 43768189
Overview
Messages
Build Orders
End
Construct Weapon Support Center
Engineer Squad
Selects Armored Battlegroup
Selects Assault Engineers
M1919 Machine Gun Team
M1919 Machine Gun Team
Assault Engineer Squad
Infantry Support Center
Bazooka Squad
M3 Armored Personnel Carrier
Construct Motor Pool
M1 Anti-tank Gun Team
M8 Greyhound Armored Car
Improved M9 Bazooka Rockets
Selects Strength in Steel
Selects Seek and Destroy
M8 Greyhound Armored Car
M8 Greyhound Armored Car
M8 Greyhound Armored Car
Rangefinder
Opuds8
Deadlych910
Wywtigerking
Gatom
ikersus25
0
0
Comments
sign in to comment!
No comments posted yet!